| TOP OF THE 1ST |
|
Tulsa Drillers batting - Pitching for Tennessee Smokies : RHP Mark Duffy
|
|
Pitching: RHP Mark Duffy
|
|
|
Batting: RHB Marcos Villalobos
|
0-0: Ball 1-0: Ball 2-0: Called Strike 2-1: Swinging Strike 2-2: SINGLE (Line Drive, 89S, EV 103.1 MPH)
|
|
Batting: SHB Nate Kopchak
|
0-0: Ball 1-0: Foul Ball, location: 2F 1-1: Ball 2-1: Foul Ball, location: 2F 2-2: Fly out, F5 (Popup, 5S, EV 91.2 MPH)
|
|
Batting: LHB Kevin Wiebe
|
0-0: Swinging Strike 0-1: Foul Ball, location: 2F 0-2: Ball 1-2: Strikes out swinging
|
|
Batting: LHB Chris Buchan
|
0-0: Fly out, F8 (Flyball, 8LXD, EV 97.5 MPH)
|
| Top of the 1st over - 0 runs, 1 hit, 0 errors, 1 left on base; Tulsa 0 - Tennessee 0 |
| BOTTOM OF THE 1ST |
|
Tennessee Smokies batting - Pitching for Tulsa Drillers : LHP Jonathan Daniels
|
|
Pitching: LHP Jonathan Daniels
|
|
|
Batting: RHB Eric Wiss
|
0-0: Ball 1-0: Called Strike 1-1: Foul Ball, location: 2F 1-2: Ground out 5-3 (Groundball, 56S, EV 62.5 MPH)
|
|
Batting: RHB Khalil Stephens
|
0-0: Ball 1-0: Ball 2-0: Ground out 4-3 (Groundball, 4, EV 100.0 MPH)
|
|
Batting: RHB Brad Santanello
|
0-0: Ball 1-0: Ball 2-0: Ball 3-0: Base on Balls
|
|
Batting: RHB David Barnard
|
0-0: Called Strike 0-1: Fielders Choice at 2nd, 5-4 (Groundball, 5, EV 85.6 MPH)
|
| Bottom of the 1st over - 0 runs, 0 hits, 0 errors, 1 left on base; Tulsa 0 - Tennessee 0 |
| TOP OF THE 2ND |
|
Tulsa Drillers batting - Pitching for Tennessee Smokies : RHP Mark Duffy
|
|
Batting: SHB Justin Toth
|
0-0: Ball 1-0: Ball 2-0: Called Strike 2-1: Ball 3-1: Called Strike 3-2: Ground out 4-3 (Groundball, 4, EV 78.1 MPH)
|
|
Batting: RHB Tony Rivera
|
0-0: Foul Ball, location: 2F 0-1: Called Strike 0-2: Ball 1-2: Fly out, F9 (Line Drive, 89D, EV 110.0 MPH)
|
|
Batting: LHB Chris Barrera
|
0-0: Ball 1-0: Called Strike 1-1: SINGLE (Line Drive, 8RS, EV 91.9 MPH)
|
|
Batting: RHB Aaron Burress
|
0-0: Called Strike 0-1: Foul Ball, location: 2F 0-2: Foul Ball, location: 2F 0-2: Ball Wild Pitch! Chris Barrera to second 1-2: Ball 2-2: Ball 3-2: Hit by Pitch
|
|
Batting: RHB Kyle Garrett
|
0-0: SINGLE (Groundball, 56D, EV 110.0 MPH) Chris Barrera to third Aaron Burress to second Runner from 3rd tries for Home, SAFE, throw by LF to home
|
|
Batting: RHB Marcos Villalobos
|
0-0: Ball 1-0: Fly out, F9 (Flyball, 9D, EV 96.2 MPH)
|
| Top of the 2nd over - 1 run, 2 hits, 0 errors, 2 left on base; Tulsa 1 - Tennessee 0 |
| BOTTOM OF THE 2ND |
|
Tennessee Smokies batting - Pitching for Tulsa Drillers : LHP Jonathan Daniels
|
|
Batting: RHB Sam Sours
|
0-0: Called Strike 0-1: Swinging Strike 0-2: Strikes out swinging
|
|
Batting: LHB Angel Oropeza
|
0-0: Ball 1-0: Ball 2-0: Called Strike 2-1: Ball 3-1: Ground out U3 (Groundball, 3, EV 106.2 MPH)
|
|
Batting: RHB Ryan Walker
|
0-0: Ball 1-0: Swinging Strike 1-1: Foul Ball, location: 2F 1-2: Foul Ball, location: 2F 1-2: Ground out 5-3 (Groundball, 56S, EV 88.1 MPH)
|
| Bottom of the 2nd over - 0 runs, 0 hits, 0 errors, 0 left on base; Tulsa 1 - Tennessee 0 |
| TOP OF THE 3RD |
|
Tulsa Drillers batting - Pitching for Tennessee Smokies : RHP Mark Duffy
|
|
Batting: SHB Nate Kopchak
|
0-0: Foul Ball, location: 2F 0-1: SINGLE (Flyball, 5D, EV 92.5 MPH)
|
|
Batting: LHB Kevin Wiebe
|
0-0: Ball 1-0: Swinging Strike 1-1: Ball 2-1: Ball 3-1: Foul Ball, location: 2F 3-2: Base on Balls Nate Kopchak to second
|
|
Batting: LHB Chris Buchan
|
0-0: Called Strike 0-1: Called Strike 0-2: Fielders Choice at 2nd, 4-6 (Groundball, 34D, EV 90.0 MPH) Nate Kopchak to third
|
|
Batting: SHB Justin Toth
|
0-0: Swinging Strike 0-1: Foul Ball, location: 2F 0-2: Ball 1-2: Ball 2-2: Foul Ball, location: 2F 2-2: Strikes out swinging
|
|
Batting: RHB Tony Rivera
|
0-0: Ball 1-0: Foul Ball, location: 2F 1-1: Foul Ball, location: 2F 1-2: Foul Ball, location: 2F 1-2: Ball 2-2: Foul Ball, location: 2F 2-2: Foul Ball, location: 2F 2-2: Fly out, F9 (Line Drive, 89D, EV 94.4 MPH)
|
| Top of the 3rd over - 0 runs, 1 hit, 0 errors, 2 left on base; Tulsa 1 - Tennessee 0 |
| BOTTOM OF THE 3RD |
|
Tennessee Smokies batting - Pitching for Tulsa Drillers : LHP Jonathan Daniels
|
|
Batting: RHB Armando Vilano
|
0-0: Ball 1-0: Ball 2-0: Foul Ball, location: 2F 2-1: Foul Ball, location: 2F 2-2: Ground out U3 (Groundball, 13, EV 88.1 MPH)
|
|
Batting: RHB Jerry Blas
|
0-0: Ball 1-0: Ground out 5-3 (Groundball, 56, EV 79.4 MPH)
|
|
Batting: RHB Eric Wiss
|
0-0: Swinging Strike 0-1: Foul Ball, location: 2F 0-2: Ball 1-2: Foul Ball, location: 2F 1-2: Foul Ball, location: 2F 1-2: Ball 2-2: Ball 3-2: Foul Ball, location: 2F 3-2: Strikes out swinging
|
| Bottom of the 3rd over - 0 runs, 0 hits, 0 errors, 0 left on base; Tulsa 1 - Tennessee 0 |
| TOP OF THE 4TH |
|
Tulsa Drillers batting - Pitching for Tennessee Smokies : RHP Mark Duffy
|
|
Batting: LHB Chris Barrera
|
0-0: Called Strike 0-1: Ground out 4-3 (Groundball, 4, EV 87.5 MPH)
|
|
Batting: RHB Aaron Burress
|
0-0: Called Strike 0-1: Ball 1-1: Fly out, F5 (Line Drive, 5, EV 68.8 MPH)
|
|
Batting: RHB Kyle Garrett
|
0-0: Foul Ball, location: 2F 0-1: Ball 1-1: Foul Ball, location: 2F 1-2: Foul Ball, location: 2F 1-2: Ground out 5-3 (Groundball, 5, EV 85.0 MPH)
|
| Top of the 4th over - 0 runs, 0 hits, 0 errors, 0 left on base; Tulsa 1 - Tennessee 0 |
| BOTTOM OF THE 4TH |
|
Tennessee Smokies batting - Pitching for Tulsa Drillers : LHP Jonathan Daniels
|
|
Batting: RHB Khalil Stephens
|
0-0: Foul Ball, location: 2F 0-1: Ball 1-1: Ball 2-1: Foul Ball, location: 2F 2-2: DOUBLE (Flyball, 89D, EV 100.0 MPH)
|
|
Batting: RHB Brad Santanello
|
0-0: Called Strike 0-1: Foul Ball, location: 2F 0-2: Ball 1-2: Ground out 6-3 (Groundball, 6, EV 98.8 MPH)
|
|
Batting: RHB David Barnard
|
0-0: Ball 1-0: Called Strike Khalil Stephens steals 3rd base (no throw) 1-1: Ball 2-1: Foul Ball, location: 2F 2-2: Foul Ball, location: 2F 2-2: Strikes out swinging
|
|
Batting: RHB Sam Sours
|
0-0: Ball 1-0: Called Strike 1-1: Swinging Strike 1-2: Ball 2-2: Strikes out looking
|
| Bottom of the 4th over - 0 runs, 1 hit, 0 errors, 1 left on base; Tulsa 1 - Tennessee 0 |
| TOP OF THE 5TH |
|
Tulsa Drillers batting - Pitching for Tennessee Smokies : RHP Mark Duffy
|
|
Batting: RHB Marcos Villalobos
|
0-0: Ball 1-0: Fly out, F8 (Flyball, 8RM, EV 95.6 MPH)
|
|
Batting: SHB Nate Kopchak
|
0-0: Foul Ball, location: 2F 0-1: Ball 1-1: Fly out, F8 (Flyball, 8LD, EV 100.6 MPH)
|
|
Batting: LHB Kevin Wiebe
|
0-0: Called Strike 0-1: Foul Ball, location: 2F 0-2: Ball 1-2: Strikes out swinging
|
| Top of the 5th over - 0 runs, 0 hits, 0 errors, 0 left on base; Tulsa 1 - Tennessee 0 |
| BOTTOM OF THE 5TH |
|
Tennessee Smokies batting - Pitching for Tulsa Drillers : LHP Jonathan Daniels
|
|
Batting: LHB Angel Oropeza
|
0-0: Called Strike 0-1: Ground out 4-3 (Groundball, 4, EV 93.1 MPH)
|
|
Batting: RHB Ryan Walker
|
0-0: Foul Ball, location: 2F 0-1: Ball 1-1: Foul Ball, location: 2F 1-2: Foul Ball, location: 2F 1-2: Ball 2-2: Strikes out swinging
|
|
Batting: RHB Armando Vilano
|
0-0: Ball 1-0: Ball 2-0: SOLO HOME RUN (Flyball, 7D, EV 97.5 MPH), Distance : 377 ft
|
|
Batting: RHB Jerry Blas
|
0-0: Foul Ball, location: 2F 0-1: Called Strike 0-2: Foul Ball, location: 2F 0-2: Strikes out swinging
|
| Bottom of the 5th over - 1 run, 1 hit, 0 errors, 0 left on base; Tulsa 1 - Tennessee 1 |
| TOP OF THE 6TH |
|
Tulsa Drillers batting - Pitching for Tennessee Smokies : RHP Mark Duffy
|
|
Batting: LHB Chris Buchan
|
0-0: Called Strike 0-1: DOUBLE (Flyball, 78XD, EV 93.1 MPH)
|
|
Batting: SHB Justin Toth
|
0-0: Hit by Pitch
|
|
Pinch Runner at 2nd Daniel Samano:
|
|
|
Batting: RHB Tony Rivera
|
0-0: Ball 1-0: Ball 2-0: Swinging Strike 2-1: Called Strike 2-2: Foul Ball, location: 2F 2-2: Grounds into double play, 4-6-3 (Groundball, 4, EV 82.5 MPH) Daniel Samano to third
|
|
Batting: LHB Chris Barrera
|
0-0: Ball Wild Pitch! Daniel Samano scores 1-0: Called Strike 1-1: Ball 2-1: SINGLE (Groundball, 4MD, EV 109.4 MPH)
|
|
Batting: RHB Aaron Burress
|
0-0: Ball 1-0: Ball 2-0: Ball 3-0: Base on Balls Chris Barrera to second
|
|
Pitching: LHP Nate George
|
|
|
Pinch Runner at 2nd Nick Getz:
|
|
|
Batting: RHB Kyle Garrett
|
0-0: Called Strike 0-1: Called Strike 0-2: Ball 1-2: Ball 2-2: Strikes out swinging
|
| Top of the 6th over - 1 run, 2 hits, 0 errors, 2 left on base; Tulsa 2 - Tennessee 1 |
| BOTTOM OF THE 6TH |
|
Tennessee Smokies batting - Pitching for Tulsa Drillers : LHP Jonathan Daniels
|
|
Now at 1B: Robby Cuellar
|
|
|
Now in RF: Nick Getz
|
|
|
Batting: RHB Eric Wiss
|
0-0: Foul Ball, location: 2F 0-1: Reached via error on a dropped throw from 3B, E3 (Groundball, 56, EV 106.2 MPH)
|
|
Batting: RHB Khalil Stephens
|
0-0: Called Strike Eric Wiss steals 2nd base 0-1: Ball 1-1: Ball 2-1: Ground out 6-3 (Groundball, 56, EV 83.1 MPH)
|
|
Pitching: LHP William Lobo
|
|
|
Batting: RHB Brad Santanello
|
0-0: 2-RUN HOME RUN (Flyball, 7D, EV 98.8 MPH), Distance : 391 ft
|
|
Batting: RHB David Barnard
|
0-0: Called Strike 0-1: Ball 1-1: Foul Ball, location: 2F 1-2: Foul Ball, location: 2F 1-2: DOUBLE (Flyball, 89XD, EV 97.5 MPH)
|
|
Batting: RHB Sam Sours
|
0-0: Fly out, F8 (Flyball, 8RD, EV 97.5 MPH)
|
|
Batting: LHB Angel Oropeza
|
0-0: Ball 1-0: Called Strike 1-1: Fly out, F7 (Flyball, 78M, EV 90.0 MPH)
|
| Bottom of the 6th over - 2 runs, 2 hits, 1 error, 1 left on base; Tulsa 2 - Tennessee 3 |
| TOP OF THE 7TH |
|
Tulsa Drillers batting - Pitching for Tennessee Smokies : LHP Nate George
|
|
Pitching: RHP Ryan Masterson
|
|
|
Batting: RHB Marcos Villalobos
|
0-0: Ball 1-0: Ball 2-0: Ground out 5-3 (Groundball, 5, EV 80.6 MPH)
|
|
Batting: SHB Nate Kopchak
|
0-0: Ground out 6-3 (Groundball, 6D, EV 103.1 MPH)
|
|
Batting: LHB Kevin Wiebe
|
0-0: Foul Ball, location: 2F 0-1: Ground out 4-3 (Groundball, 4, EV 82.5 MPH)
|
| Top of the 7th over - 0 runs, 0 hits, 0 errors, 0 left on base; Tulsa 2 - Tennessee 3 |
| BOTTOM OF THE 7TH |
|
Tennessee Smokies batting - Pitching for Tulsa Drillers : LHP William Lobo
|
|
Batting: RHB Ryan Walker
|
0-0: Called Strike 0-1: Ball 1-1: Called Strike 1-2: Ball 2-2: Ground out 6-3 (Groundball, 6M, EV 107.5 MPH)
|
|
Batting: RHB Armando Vilano
|
0-0: Swinging Strike 0-1: Ball 1-1: Swinging Strike 1-2: Foul Ball, location: 2F 1-2: Ball 2-2: Ball 3-2: Foul Ball, location: 2F 3-2: Foul Ball, location: 2F 3-2: Foul Ball, location: 2F 3-2: Ground out 6-3 (Groundball, 56, EV 80.6 MPH)
|
|
Batting: RHB Jerry Blas
|
0-0: Called Strike 0-1: Ball 1-1: Called Strike 1-2: Ball 2-2: Ball 3-2: Foul Ball, location: 2F 3-2: Base on Balls
|
|
Batting: RHB Eric Wiss
|
0-0: Ball 1-0: SINGLE (Line Drive, 8RS, EV 90.6 MPH) Jerry Blas to second
|
|
Batting: RHB Khalil Stephens
|
0-0: Called Strike 0-1: Foul Ball, location: 2F 0-2: Ball 1-2: Ball 2-2: TRIPLE (Groundball, 3L, EV 95.0 MPH) Jerry Blas scores Eric Wiss scores
|
|
Pitching: RHP Josh Weiser
|
|
|
Batting: RHB Brad Santanello
|
0-0: Ball 1-0: Ball 2-0: SINGLE (Groundball, 56D, EV 101.2 MPH) Khalil Stephens scores
|
|
Batting: RHB David Barnard
|
0-0: Ball 1-0: Ball 2-0: Ball 3-0: Base on Balls Brad Santanello to second
|
|
Batting: RHB Sam Sours
|
0-0: Ball 1-0: Ground out 5-3 (Groundball, 56S, EV 62.5 MPH)
|
| Bottom of the 7th over - 3 runs, 3 hits, 0 errors, 2 left on base; Tulsa 2 - Tennessee 6 |
| TOP OF THE 8TH |
|
Tulsa Drillers batting - Pitching for Tennessee Smokies : RHP Ryan Masterson
|
|
Batting: RHB Robby Cuellar
|
0-0: Swinging Strike 0-1: Swinging Strike 0-2: Foul Ball, location: 2F 0-2: Strikes out swinging
|
|
Batting: SHB Justin Toth
|
0-0: Foul Ball, location: 2F 0-1: Ball 1-1: Ball 2-1: SOLO HOME RUN (Flyball, 89XD, EV 102.5 MPH), Distance : 402 ft
|
|
Batting: RHB Tony Rivera
|
0-0: Ball 1-0: Ball 2-0: Ball 3-0: Called Strike 3-1: Base on Balls
|
|
Batting: RHB Nick Getz
|
0-0: Ball 1-0: Swinging Strike 1-1: Foul Ball, location: 2F 1-2: Strikes out looking
|
|
Batting: RHB Aaron Burress
|
0-0: Ball 1-0: Ball 2-0: Called Strike 2-1: Ball 3-1: Base on Balls Tony Rivera to second
|
|
Batting: RHB Kyle Garrett
|
0-0: Called Strike 0-1: Ball 1-1: Ball 2-1: Ball 3-1: Foul Ball, location: 2F 3-2: Fly out, F8 (Flyball, 78M, EV 77.5 MPH)
|
| Top of the 8th over - 1 run, 1 hit, 0 errors, 2 left on base; Tulsa 3 - Tennessee 6 |
| BOTTOM OF THE 8TH |
|
Tennessee Smokies batting - Pitching for Tulsa Drillers : RHP Josh Weiser
|
|
Pitching: RHP Jeff Coates
|
|
|
Batting: LHB Angel Oropeza
|
0-0: Called Strike 0-1: Ground out U3 (Groundball, 3S, EV 85.6 MPH)
|
|
Batting: RHB Ryan Walker
|
0-0: Ball 1-0: Ground out 6-3 (Groundball, 6S, EV 82.5 MPH)
|
|
Batting: RHB Armando Vilano
|
0-0: Ground out 6-3 (Groundball, 6, EV 88.1 MPH)
|
| Bottom of the 8th over - 0 runs, 0 hits, 0 errors, 0 left on base; Tulsa 3 - Tennessee 6 |
| TOP OF THE 9TH |
|
Tulsa Drillers batting - Pitching for Tennessee Smokies : RHP Ryan Masterson
|
|
Pitching: RHP Jorge Mora
|
|
|
Now in LF: Jonathan Sotelo
|
|
|
Batting: RHB Marcos Villalobos
|
0-0: Swinging Strike 0-1: Foul Ball, location: 2F 0-2: Foul Ball, location: 2F 0-2: Strikes out swinging
|
|
Batting: SHB Nate Kopchak
|
0-0: Ball 1-0: Called Strike 1-1: SOLO HOME RUN (Line Drive, 9LD, EV 95.6 MPH), Distance : 351 ft
|
|
Batting: LHB Kevin Wiebe
|
0-0: Called Strike 0-1: Foul Ball, location: 2F 0-2: Ball 1-2: Strikes out swinging
|
|
Batting: RHB Robby Cuellar
|
0-0: Called Strike 0-1: Ball 1-1: Called Strike 1-2: Strikes out swinging
|
| Top of the 9th over - 1 run, 1 hit, 0 errors, 0 left on base; Tulsa 4 - Tennessee 6 |
|